 Dungeon Crawl Stone Soup version 0.30-a0-121-gb27577e5d9 (webtiles) character file.

Game seed: 16767971377269475030

23761 IdlyInterested the Slicer (level 12, -2/97 HPs)
             Began as a Demonspawn Gladiator on Sept 14, 2022.
             Was an Elder of Qazlal.
             Slain by a tentacled starspawn (10 damage)
             ... on level 1 of the Abyss.
             The game lasted 01:01:46 (15840 turns).

IdlyInterested the Slicer (Demonspawn Gladiator)   Turns: 15840, Time: 01:01:46

Health: -2/97      AC: 25    Str: 17    XL:     12   Next: 74%
Magic:  0/21       EV:  9    Int: 16    God:    Qazlal [****..]
Gold:   695        SH:  5    Dex: 24    Spells: 11/11 levels left

rFire   + + .      SeeInvis +    M - +8 Vampire's Tooth {vamp}
rCold   . . .      Faith    .    (no shield)
rNeg    . . .      Spirit   +    g - +8 chain mail "Saujunen" {Str+3 SInv}
rPois   .          Reflect  .    c - +0 helmet
rElec   .          Harm     .    f - +0 cloak
rCorr   .          Rampage  +    W - +1 pair of gloves of Xuum Foe {rF+ Stlth+}
Will    .....                    S - +2 pair of boots {rampage}
Stlth   +.........               u - amulet of guardian spirit
HPRegen 4.26/turn                F - ring of protection from fire
MPRegen 0.17/turn                l - +6 ring of dexterity

@: slowed, repel missiles, very slow
A: powered by death 3, big brain 2
a: Renounce Religion, Upheaval, Elemental Force


You were on level 1 of the Abyss.
You worshipped Qazlal.
Qazlal was greatly pleased with you.
You visited 3 branches of the dungeon, and saw 14 of its levels.
You visited the Abyss 1 time.
You also visited: Bailey.

You collected 734 gold pieces.
You spent 39 gold pieces at shops.

Inventory:

Hand Weapons
 a - a +0 rapier
 M - the +8 Vampire's Tooth (weapon) {vamp}
   (You acquired it on level 2 of the Lair of Beasts)

   It occasionally heals its wielder for the full amount of damage dealt when it
   wounds a living foe.
 Q - the +1 short sword of Komuvyasch {vamp, Fragile rElec rC+ rN+}
   (You found it on level 3 of the Lair of Beasts)

   It occasionally heals its wielder for a portion of the damage dealt when it
   wounds a living foe.
   rC:        It protects you from cold.
   rElec:     It insulates you from electricity.
   rN:        It protects you from negative energy.
   Fragile:   It will be destroyed if unequipped.
 Z - the +8 whip "Snakebite" {venom, curare, rPois}
   (You found it on level 2 of the Lair of Beasts)

   It poisons the flesh of those it strikes.
   It occasionally inflicts asphyxiating poison on those it strikes, dealing
   poison damage and causing slowness.
   rPois:     It protects you from poison.
Missiles
 b - 11 atropa-tipped darts
 v - a javelin
 y - 31 boomerangs (quivered)
 R - 6 boomerangs of dispersal
 X - 7 curare-tipped darts
Armour
 c - a +0 helmet (worn)
 f - a +0 cloak (worn)
 g - the +8 chain mail "Saujunen" (worn) {Str+3 SInv}
   (You took it off an orc warrior in a bailey)

   Str:       It affects your strength (+3).
   SInv:      It lets you see invisible.
 q - a +2 robe of resistance
 K - a +2 robe of positive energy
 S - a +2 pair of boots of rampaging (worn)
 W - the +1 pair of gloves of Xuum Foe (worn) {rF+ Stlth+}
   (You found it on level 6 of the Dungeon)

   rF:        It protects you from fire.
   Stlth:     It makes you more stealthy.
Jewellery
 d - a ring of willpower
 l - a +6 ring of dexterity (right hand)
 u - an amulet of guardian spirit (around neck)
 C - a ring of resist corrosion
 F - a ring of protection from fire (left hand)
 H - a +6 ring of strength
 N - an amulet of faith
 T - a +6 ring of intelligence
Wands
 e - a wand of paralysis (4)
 n - a wand of flame (8)
 z - a wand of iceblast (17)
 A - a wand of polymorph (7)
 G - a wand of quicksilver (17)
 U - a wand of mindburst (9)
Scrolls
 j - 2 scrolls of magic mapping
 m - 5 scrolls of teleportation
 r - 4 scrolls of poison {unknown}
 s - 2 scrolls of brand weapon {unknown}
 x - 2 scrolls of enchant weapon {unknown}
 B - a scroll of noise {unknown}
 D - a scroll of summoning {unknown}
 I - 3 scrolls of fear {unknown}
 L - 2 scrolls of silence {unknown}
 O - 2 scrolls of enchant armour {unknown}
Potions
 h - a potion of magic {unknown}
 i - a potion of cancellation
 k - 2 potions of heal wounds
 o - 2 potions of brilliance {unknown}
 p - 2 potions of attraction {unknown}
 t - 3 potions of mutation {unknown}
 w - 2 potions of flight {unknown}
 E - 3 potions of curing {unknown}
 J - 2 potions of ambrosia {unknown}
 P - a potion of invisibility {unknown}
 V - 2 potions of berserk rage {unknown}


   Skills:
 + Level 9.9 Fighting
 * Level 13.0 Short Blades
 - Level 2.0 Throwing
 - Level 4.0 Armour
 * Level 3.3 Dodging
 - Level 8.0 Stealth
 + Level 12.5 Invocations
 - Level 2.0 Evocations


You had 11 spell levels left.
You didn't know any spells.
Your spell library contained the following spells:

 Spells                   Type           Power      Damage    Failure   Level
 Apportation              Tloc           0%         N/A       98%         1
 Sandblast                Erth           0%         2d4       98%         1
 Summon Small Mammal      Summ           0%         N/A       98%         1
 Blink                    Tloc           0%         N/A       99%         2
 Ensorcelled Hibernation  Hex/Ice        0%         N/A       99%         2
 Passwall                 Tmut/Erth      0%         N/A       99%         2
 Call Canine Familiar     Summ           0%         N/A       100%        3
 Confusing Touch          Hex            0%         N/A       100%        3
 Ignite Poison            Fire/Tmut/Pois 0%         N/A       100%        3
 Inner Flame              Hex/Fire       0%         N/A       100%        3
 Ozocubu's Armour         Ice            0%         N/A       100%        3
 Spider Form              Tmut/Pois      0%         N/A       100%        3
 Stone Arrow              Conj/Erth      0%         3d7       100%        3
 Summon Guardian Golem    Hex/Summ       0%         N/A       100%        3
 Anguish                  Hex/Necr       0%         N/A       100%        4
 Cause Fear               Hex            0%         N/A       100%        4
 Manifold Assault         Tloc           0%         N/A       100%        4
 Sticky Flame             Conj/Fire      0%         2d3       100%        4
 Alistair's Intoxication  Tmut/Pois      0%         N/A       100%        5
 Metabolic Englaciation   Hex/Ice        0%         N/A       100%        5
 Yara's Violent Unravell  Hex/Tmut       0%         3d3       100%        5
 Simulacrum               Ice/Necr       0%         N/A       100%        6
 Enfeeble                 Hex            0%         N/A       100%        7
 Storm Form               Tmut/Air       0%         N/A       100%        7
 Borgnjor's Revivificati  Necr           0%         N/A       100%        8
 Discord                  Hex            0%         N/A       100%        8
 Necromutation            Tmut/Necr      0%         N/A       100%        8
 Death's Door             Necr           0%         N/A       100%        9


Dungeon Overview and Level Annotations

Branches:
Dungeon (9/15)             Temple (1/1) D:4            Lair (4/5) D:8
 Shoals (0/4) Lair:2       Spider (0/4) Lair:3       Bailey (visited)
  Slime: Lair:4-5       Orc: D:9-12

Altars:
Ashenzari
Cheibriados
Dithmenos
Fedhas
Gozag
Hepliaklqana
Kikubaaqudgha
Makhleb
Nemelex Xobeh
Okawaru
Qazlal
Ru
Sif Muna
Trog
Uskayaw
Vehumet
Wu Jian
Xom
Yredelemnul

Shops:
D:3 (

Annotations:
Lair:4 Sonja


Innate Abilities, Weirdness & Mutations

You regenerate a lot of health from kills.
You have an extremely huge brain. (Int +4)


Message History

* * * LOW HITPOINT WARNING * * *
The starspawn tentacle constricts you.
The tormentor calls on the powers of darkness!
Your body is wracked with pain!
* * * LOW HITPOINT WARNING * * *
Your water elemental misses the tormentor.
The wretched star is engulfed in blazing flames.
The wretched star glows turbulently.
The lance of force hits you!
* * * LOW HITPOINT WARNING * * *
You are knocked back by the lance of force.
You collide with the tormentor!
The tormentor is lightly wounded.
Your fire elemental hits the starspawn tentacle.
Your fire elemental burns the starspawn tentacle!
The starspawn tentacle is destroyed!
The starcursed mass touches your fire elemental!
Your fire elemental is destroyed!
Your fire elemental disappears in a puff of smoke!
The tormentor calls on the powers of darkness!
You feel a surge of unholy energy.
You feel much better.
Your water elemental disappears in a puff of smoke!
The tormentor calls on the powers of darkness!
Your body is wracked with pain!
* * * LOW HITPOINT WARNING * * *
The wretched star is engulfed in blazing flames.
The wretched star glows turbulently.
The lance of force is repelled.
The lance of force hits the tormentor!
The tormentor is knocked back by the lance of force.
A starcursed mass splits.
A chorus of shrieks assaults your mind.
* * * LOW HITPOINT WARNING * * *
Unknown command.
You barely miss the tentacled starspawn.
The tentacled starspawn is moderately damaged.
The wretched star glows turbulently.
The lance of force hits you but does no damage.
The tentacled starspawn bites you!
You die...

## ## #.. .# #.. ##
...#.. # ##
#.##.###..#2.. .. #.
#..#...##.. # .. .# #
#.#...#.##
..###...###..#..§#.##
.# ..#.##.X.X..°E..#
#... ..../#XX@.§#. #
#..... . ###*X...#
#.. #.. . X..####..#
#X.○ # .X.#.#. .# #X
X##.☼ #...## ## # #..
###.....# .. #.. .#
.###.# .. .


You could see 5 starcursed masses, a tentacled starspawn, a wretched star, a
large abomination, a tormentor (ally target) and a friendly earth elemental
(summoned).

Vanquished Creatures
  A hellephant (Abyss:1)
  A cacodemon (Abyss:1)
  A hydra (D:9)
  A death yak (Lair:3)
  2 thrashing horrors (Abyss:1)
  A flayed ghost (Abyss:1)
  Pikel (D:5)
  Maurice (D:8)
  3 black mambas (Lair:2)
  A torpor snail (Lair:2)
  5 cane toads
  Joseph (D:8)
  3 smoke demons (Abyss:1)
  Psyche (D:8)
  An unseen horror (D:8)
  2 komodo dragons (Lair:1)
  2 trolls (D:9)
  A polar bear (Lair:3)
  Grinder (D:5)
  A wyvern (Lair:3)
  25 yaks
  2 steam dragons
  A basilisk (Lair:2)
  4 large abominations (Abyss:1)
  5 hell hounds (Abyss:1)
  11 water moccasins
  2 black bears
  2 ice beasts
  6 orc warriors
  4 sky beasts
  A small abomination (Abyss:1)
  3 wolves (Lair:1)
  An ogre (D:7)
  7 centaurs
  A phantom (D:5)
  A necrophage (D:6)
  8 kobold brigands
  2 scorpions
  4 bullfrogs
  7 wights (D:7)
  14 killer bees (D:8)
  2 howler monkeys
  3 electric eels
  7 jellies
  An orc priest (D:9)
  3 hounds
  Jessica (D:3)
  4 iguanas
  13 orc wizards
  4 gnolls
  13 adders
  2 white imps
  2 ufetubi
  3 worms
  3 dart slugs
  31 orcs
  6 ball pythons
  3 bats
  7 endoplasms
  2 giant cockroaches
  8 goblins
  6 hobgoblins
  8 jackals
  23 kobolds
  8 quokkas
  4 frilled lizards
  8 rats
317 creatures vanquished.

Vanquished Creatures (collateral kills)
  A starcursed mass (Abyss:1)
  A starspawn tentacle (Abyss:1)
2 creatures vanquished.

Vanquished Creatures (others)
  A human (D:5)
  An orc wizard (D:4)
  An orc (D:7)
  5 fungi
  23 plants
  A starspawn tentacle (Abyss:1)
32 creatures vanquished.

Grand Total: 351 creatures vanquished

Notes
Turn   | Place    | Note
-------+----------+-------------------------------------------
     0 | D:1      | IdlyInterested the Demonspawn Gladiator began the quest for
                  | the Orb.
     0 | D:1      | Reached XP level 1. HP: 16/16 MP: 1/1
   133 | D:1      | Reached skill level 3 in Short Blades
   134 | D:1      | Reached skill level 1 in Invocations
   134 | D:1      | Gained mutation: You regenerate a little health from kills.
                  | [demonic ancestry]
   134 | D:1      | Reached XP level 2. HP: 20/22 MP: 2/2
   456 | D:1      | Found a faded altar of an unknown god.
   755 | D:1      | Reached XP level 3. HP: 4/28 MP: 4/4
  1528 | D:2      | Identified the +4 sling "Keahiuw" {vorpal, rPois rF- Int+4
                  | Dex+3}
  1581 | D:2      | Reached XP level 4. HP: 34/34 MP: 5/5
  2173 | D:3      | Reached skill level 4 in Short Blades
  2478 | D:3      | Reached XP level 5. HP: 41/41 MP: 7/7
  2675 | D:3      | Found Cytsoc's Weapon Emporium.
  2772 | D:3      | Noticed Jessica
  2787 | D:3      | Killed Jessica
  3018 | D:3      | Bought 5 stones for 7 gold pieces
  3018 | D:3      | Bought 3 atropa-tipped darts for 25 gold pieces
  3018 | D:3      | Bought 5 stones for 7 gold pieces
  3365 | D:4      | Reached XP level 6. HP: 36/47 MP: 8/8
  3632 | D:4      | Found a staircase to the Ecumenical Temple.
  3638 | Temple   | Entered the Ecumenical Temple
  3834 | Temple   | Became a worshipper of Qazlal Stormbringer
  3908 | D:5      | Entered Level 5 of the Dungeon
  4078 | D:5      | Reached skill level 5 in Short Blades
  4425 | D:5      | Gained mutation: You have an unusually large brain. (Int
                  | +2) [demonic ancestry]
  4425 | D:5      | Reached XP level 7. HP: 18/54 MP: 4/10
  4673 | D:5      | Noticed Grinder
  4681 | D:5      | Killed Grinder
  4682 | D:5      | Reached skill level 1 in Armour
  4682 | D:5      | Reached skill level 5 in Invocations
  4723 | D:5      | Found an ancient bone altar of Kikubaaqudgha.
  4723 | D:5      | Noticed a human
  4726 | D:5      | Killed a human
  4732 | D:5      | Reached skill level 6 in Short Blades
  5040 | D:5      | Gained mutation: You regenerate health from kills. [demonic
                  | ancestry]
  5040 | D:5      | Reached XP level 8. HP: 25/61 MP: 6/12
  5251 | D:5      | Noticed Pikel
  5265 | D:5      | Paralysed by Pikel for 3 turns
  5281 | D:5      | Paralysed by Pikel for 3 turns
  5290 | D:5      | Killed Pikel
  5291 | D:5      | Reached skill level 5 in Fighting
  5291 | D:5      | Reached skill level 7 in Short Blades
  5666 | D:6      | Reached skill level 1 in Stealth
  5707 | D:6      | Identified the +1 pair of gloves of Xuum Foe {rF+ Stlth+}
  6188 | D:6      | Gained mutation: You regenerate a lot of health from kills.
                  | [demonic ancestry]
  6188 | D:6      | Reached XP level 9. HP: 64/69 MP: 14/14
  6276 | D:6      | Reached * piety under Qazlal
  6547 | D:6      | Reached skill level 8 in Short Blades
  6752 | D:6      | You fall into a shaft and drop 2 floors!
  6770 | D:8      | Found a flagged portal.
  6803 | Bailey   | Entered a bailey
  6973 | Bailey   | Identified the +8 chain mail "Saujunen" {Str+3 SInv}
  7021 | Bailey   | Reached skill level 1 in Evocations
  7060 | Bailey   | Found a bloodstained altar of Trog.
  7732 | D:7      | Reached ** piety under Qazlal
  7860 | D:7      | Reached skill level 9 in Short Blades
  8348 | D:7      | Reached XP level 10. HP: 76/77 MP: 16/16
  8629 | D:7      | Found a radiant altar of Vehumet.
  9318 | D:8      | Reached skill level 10 in Short Blades
  9399 | D:8      | Noticed Psyche
  9445 | D:8      | Killed Psyche
  9484 | D:8      | Reached skill level 10 in Invocations
  9593 | D:8      | Noticed Maurice
  9602 | D:8      | Paralysed by Maurice for 3 turns
  9624 | D:8      | Paralysed by Maurice for 3 turns
  9641 | D:8      | Killed Maurice
  9646 | D:8      | Reached *** piety under Qazlal
  9674 | D:8      | Found a staircase to the Lair.
  9950 | D:8      | Noticed Joseph
  9974 | D:8      | Killed Joseph
 10173 | D:8      | Reached XP level 11. HP: 67/86 MP: 13/18
 10496 | D:9      | Noticed an eight-headed hydra
 10519 | D:9      | Killed an eight-headed hydra
 10520 | D:9      | Reached skill level 11 in Short Blades
 10925 | D:9      | Reached skill level 5 in Stealth
 11250 | D:9      | Found a burning altar of Makhleb.
 11250 | D:9      | Noticed a blizzard demon
 11459 | Lair:1   | Entered Level 1 of the Lair of Beasts
 11489 | Lair:1   | Identified the +8 flail of the Shimmering Gods {drain,
                  | rCorr Int+5}
 12099 | Lair:1   | HP: 4/87 [komodo dragon (17)]
 12427 | Lair:1   | Found a hazy altar of Hepliaklqana.
 12883 | Lair:2   | Found a staircase to the Shoals.
 12943 | Lair:2   | Reached **** piety under Qazlal
 13532 | Lair:2   | Identified a scroll of acquirement
 13532 | Lair:2   | Acquired the +8 Vampire's Tooth {vamp}
 13532 | Lair:2   | Found the +8 Vampire's Tooth {vamp}
 13930 | Lair:2   | Reached skill level 12 in Short Blades
 13994 | Lair:2   | Found the +8 whip "Snakebite" {venom, curare, rPois}
 14235 | Lair:3   | Noticed a death yak
 14244 | Lair:3   | Gained mutation: You have an extremely huge brain. (Int +4)
                  | [demonic ancestry]
 14244 | Lair:3   | Reached XP level 12. HP: 85/95 MP: 18/20
 14280 | Lair:3   | Killed a death yak
 14314 | Lair:3   | Identified the +1 short sword of Komuvyasch {vamp, Fragile
                  | rElec rC+ rN+}
 14424 | Lair:3   | Found a hole to the Spider Nest.
 15359 | Lair:4   | Noticed Sonja
 15373 | Abyss:1  | Cast into level 1 of the Abyss (Sonja)
 15527 | Abyss:1  | Noticed a hellephant
 15644 | Abyss:1  | Killed a hellephant
 15747 | Abyss:1  | Noticed a starcursed mass
 15800 | Abyss:1  | Reached ***** piety under Qazlal
 15817 | Abyss:1  | Noticed a cacodemon
 15819 | Abyss:1  | Noticed a tentacled starspawn
 15836 | Abyss:1  | Killed a cacodemon
 15837 | Abyss:1  | Reached skill level 13 in Short Blades
 15838 | Abyss:1  | HP: 1/97 [wretched star/lance of force (14)]
 15840 | Abyss:1  | Slain by a tentacled starspawn

Illustrated notes

Levels and vault maps discovered:
D:1:      dpeg_arrival_erosion, layout_rooms, basic_ecumenical_altar,
          hangedman_glass_garden, minmay_pentomino_r2
D:2:      layout_basic, corner_web_ring
D:3:      layout_loops_ring, serial_shops, nicolae_diamond_shop, uniq_jessica
D:4:      wander_river, layout_rooms, minmay_temple_entry_enclosed_plants
D:5:      layout_cave_pods, tgw_kikubaaqudgha, minmay_misc_feat_iff, uniq_pikel,
          uniq_grinder
D:6:      layout_basic, minmay_starry_boxes
D:7:      layout_loops_corners, mainiacjoe_overflow_divided_tiny
D:8:      layout_loops_corners, lair_entry_dummy, enter_bailey_4,
          minmay_between, uniq_joseph, uniq_psyche, uniq_maurice
D:9:      layout_loops_cross, tso_oasis_becter, makhleb_altar_promises_db
Temple:   bh_familiar_temple
Lair:1:   layout_cave_shapes, basic_altar, grunt_megastairs_5,
          serial_bayou_shore_b, lemuel_fruit_fields, serial_bayou_shore_a,
          infiniplex_staircase_pool
Lair:2:   minmay_guarded_unrand_snakebite, layout_gridlike,
          minmay_shoals_entry_centaurs
Lair:3:   statuecave_lemuel, layout_regular_city, spider_nest_entry_web_field,
          columned_hall_lemuel, guppyfry_lair_drakes
Lair:4:   layout_concentric_octagons, slime_entry_1, wad_woods_road_05,
          uniq_urug, uniq_sonja
Abyss:1:  base:
D:12

Skill      XL: |  1  2  3  4  5  6  7  8  9 10 11 12 |
---------------+-------------------------------------+-----
Short Blades   | 3 4 5 6 7 9 10 12 13 | 13.0
Invocations    | 1 2 3 4 5 7 8 10 11 12 | 12.5
Fighting       | 3 4 5 6 8 9 |  9.9
Armour         | 2 4 |  4.0
Stealth        | 2 4 7 8 |  8.0
Evocations     | 2 |  2.0
Throwing       | 2 |  2.0
Dodging        | 3 |  3.3

Action                   |  1- 3 |  4- 6 |  7- 9 | 10-12 || total
-------------------------+-------+-------+-------+-------++-------
Melee: Rapier            |   120 |   322 |   272 |       ||   714
       Punch             |     1 |     3 |     2 |    23 ||    29
       Short sword       |       |       |   276 |   940 ||  1216
       Quick blade       |       |       |       |   486 ||   486
Throw: Throwing net      |     1 |       |     1 |     1 ||     3
       Javelin           |       |     3 |     2 |     1 ||     6
       Stone             |       |     5 |     7 |       ||    12
       Boomerang         |       |       |     4 |       ||     4
       Dart              |       |       |     3 |     5 ||     8
Invok: Elemental Force   |       |       |       |     2 ||     2
Evoke: Wand              |       |     1 |       |     7 ||     8
  Use: Scroll            |       |     6 |     4 |     6 ||    16
       Potion            |       |       |     3 |     6 ||     9
 Stab: Sleeping          |       |     1 |     1 |       ||     2
       Confused          |       |       |       |     1 ||     1
       Held in net/web   |       |       |       |     1 ||     1
       Distracted        |       |       |       |     2 ||     2
Armor: Leather armour    |     9 |       |       |       ||     9
       Chain mail        |    25 |       |    45 |   530 ||   600
       Plate armour      |    32 |    21 |       |       ||    53
       Ring mail         |       |    25 |       |       ||    25
       Scale mail        |       |    17 |       |       ||    17
       Robe              |       |    87 |   161 |       ||   248
Dodge: Dodged            |    36 |   202 |   249 |   284 ||   771
       Repelled          |       |       |       |     2 ||     2
Block: Other             |       |       |    17 |   135 ||   152

Table legend: (Time is in decaauts)
 A = Elapsed time spent in this place.
 B = Non-inter-level travel time spent in this place.
 C = Inter-level travel time spent in this place.
 D = Time resting spent in this place.
 E = Time spent auto-exploring this place.
 F = Levels seen in this place.
 G = Mean time per level.
                   A        B        C        D        E       F      G
               +--------+--------+--------+--------+--------+-----+--------+
         Total |  14889 |  13375 |   1514 |   1206 |   8373 |  16 |  930.6 |
       Dungeon |  10478 |   9467 |   1011 |    936 |   5730 |   9 | 1164.2 |
        Temple |    241 |    167 |     74 |      0 |    162 |   1 |  241.0 |
          Lair |   3605 |   3176 |    429 |    270 |   2325 |   4 |  901.2 |
         Abyss |    259 |    259 |      0 |      0 |    117 |   1 |  259.0 |
        Bailey |    303 |    303 |      0 |      0 |     38 |   1 |  303.0 |
               +--------+--------+--------+--------+--------+-----+--------+

Top non-repeatable levels by time:
     D:8: 1587 daAuts
     D:5: 1579 daAuts
     D:6: 1577 daAuts
  Lair:1: 1361 daAuts
     D:1: 1350 daAuts
  Lair:2: 1294 daAuts
     D:7: 1098 daAuts
     D:2: 933 daAuts
  Lair:3: 926 daAuts
     D:9: 915 daAuts
     D:3: 817 daAuts
     D:4: 619 daAuts
  Bailey: 303 daAuts
 Abyss:1: 259 daAuts
  Temple: 241 daAuts
